 Dungeon Crawl Stone Soup version 0.31-a0-859-g9dce7d3444 (webtiles) character file.

Game seed: 889736322114775531

4244 jvmiller the Grappler (level 10, 0/94 HPs)
             Began as a Troll Chaos Knight on Oct 6, 2023.
             Was a Plaything of Xom.
             Slain by olddryhag's ghost (6 damage)
             ... on level 8 of the Dungeon on Oct 9, 2023.
             The game lasted 00:45:10 (7979 turns).

jvmiller the Grappler (Troll Chaos Knight)          Turns: 7979, Time: 00:45:12

Health: 0/94       AC:  6    Str: 22    XL:     10   Next: 9%
Magic:  7/10       EV: 11    Int: 10    God:    Xom [...*..]
Gold:   341        SH:  4    Dex: 11    Spells: 1/11 levels left

rFire   . .          .
                       - Unarmed
rCold   . . .        e - orb {light}
rNeg    . . .        a - +2 robe
rPois   +            (helmet restricted)
rElec   .            A - scarf {+Inv}
rCorr   +            (gloves unavailable)
SInv    .            (boots unavailable)
Will    .....        (no amulet)
Stlth   +            t - ring of resist corrosion
HPRegen 1.15/turn    B - ring of poison resistance
MPRegen 0.12/turn

%: no passive effects
@: glowing
A: large, unfitting armour, claws 3, regeneration 1, shaggy fur 1, tough skin 1,
horns 2, large bone plates 1, MP-powered wands, noise suppression
a: Renounce Religion, Evoke Invisibility


You were on level 8 of the Dungeon.
You worshipped Xom.
You were a favourite toy of Xom.
You visited 1 branch of the dungeon, and saw 8 of its levels.
You also visited: Sewer.

You collected 341 gold pieces.

Inventory:

Hand Weapons
 l - a +2 dagger of protection
Armour
 a - a +2 robe (worn)
 e - an orb of light (worn)
 A - a scarf of invisibility (worn)
 E - an orb of guile
Jewellery
 t - a ring of resist corrosion (left claw)
 B - a ring of poison resistance (right claw)
 C - a ring of flight
 D - a ring of protection from cold
Wands
 p - a wand of roots (12)
 F - a wand of charming (17)
Scrolls
 b - a scroll of butterflies
 q - 5 scrolls of teleportation
 s - a scroll of brand weapon
 u - 3 scrolls of blinking
 v - a scroll of noise
 x - 4 scrolls of enchant armour
 y - 2 scrolls of revelation
 z - 2 scrolls of fog
 G - 2 scrolls of enchant weapon
 H - a scroll of summoning
Potions
 c - 4 potions of mutation
 d - 3 potions of brilliance {unknown}
 f - a potion of haste {unknown}
 g - 3 potions of curing {unknown}
 h - a potion of might {unknown}
 i - 2 potions of degeneration {unknown}
 j - a potion of ambrosia {unknown}
 k - 3 potions of enlightenment {unknown}
 m - 2 potions of attraction {unknown}
 n - 4 potions of heal wounds {unknown}
 o - 2 potions of resistance {unknown}
 r - a potion of lignification {unknown}
 w - a potion of cancellation {unknown}
 I - a potion of invisibility {unknown}


   Skills:
 + Level 4.4 Fighting
 + Level 5.5 Dodging
 + Level 2.2 Stealth
 + Level 2.7 Shields
 + Level 11.1 Unarmed Combat
 + Level 1.1 Spellcasting
 + Level 1.4 Transmutations
 + Level 1.4 Earth Magic


You had one spell level left.
You knew the following spells:

 Your Spells              Type           Power      Damage    Failure   Level
a - Passwall              Tmut/Erth      2%         N/A       28%         2
b - Ensorcelled Hibernat  Hex/Ice        0%         N/A       45%         2
c - Summon Small Mammal   Summ           0%         N/A       34%         1
d - Necrotise             Necr           0%         1d4       34%         1
e - Scorch                Fire           0%         2d5       45%         2
f - Foxfire               Conj/Fire      0%         2x1d4     34%         1
g - Apportation           Tloc           0%         N/A       34%         1

Your spell library contained the following spells:

 Spells                   Type           Power      Damage    Failure   Level
 Inner Flame              Hex/Fire       0%         N/A       71%         3
 Swiftness                Air            0%         N/A       71%         3
 Flame Wave               Conj/Fire      0%         2d4       98%         4
 Sticky Flame             Conj/Fire      0%         2d3       98%         4
 Plasma Beam              Fire/Air       0%         2x1d10    100%        6
 Starburst                Conj/Fire      0%         6d3       100%        6
 Summon Cactus Giant      Summ           0%         N/A       100%        6


Dungeon Overview and Level Annotations

Branches:
Dungeon (8/15)             Temple (0/1) D:5           Sewer (visited)
   Lair: D:8-11

Altars:
Makhleb
Wu Jian
Xom

Shops:
D:5 [   D:7 *([

Annotations:
D:8 1 transporter, olddryhag's ghost, novice DEFE


Innate Abilities, Weirdness & Mutations

You are too large for most types of armour.
You have claws for hands.
Your natural rate of healing is unusually fast.
You are covered in fur. (AC +1)
You have tough skin. (AC +1)
You have a pair of horns on your head.
You are partially covered in large bone plates. (SH +4)
You expend magic power (3 MP) to strengthen your wands.
You passively dampen the noise of your surroundings.


Message History

Olddryhag's ghost closely misses you.
You claw the ogre!
You headbutt the ogre, but do no damage.
The ogre is heavily wounded.
Your shadow imp barely misses olddryhag's ghost.
The ogre hits you with a +0 giant club!
* * * LOW HITPOINT WARNING * * *
Olddryhag's ghost hits you.
* * * LOW HITPOINT WARNING * * *
You scratch the ogre.
The ogre is heavily wounded.
Your shadow imp completely misses olddryhag's ghost.
You mangle the ogre!!
You kill the ogre!
Olddryhag's ghost hits you.
* * * LOW HITPOINT WARNING * * *
Aiming: Fastroot
Press: ? - help, Q - select action, (/) - cycle Shift-Dir - straight line, f - olddryhag's ghost
Aim: olddryhag's ghost (heavily damaged, ally target, haloed, immune to roots)
You feel a surge of power!
The roots erupt in riotous growth!
Olddryhag's ghost is unaffected.
Your shadow imp is unaffected.
Your shadow imp hits olddryhag's ghost.
Olddryhag's ghost hits you but does no damage.
You closely miss olddryhag's ghost.
You headbutt olddryhag's ghost, but do no damage.
Olddryhag's ghost is heavily damaged.
Your shadow imp completely misses olddryhag's ghost.
You block olddryhag's ghost's attack.
You barely miss olddryhag's ghost.
Olddryhag's ghost is heavily damaged.
Your shadow imp hits olddryhag's ghost but does no damage.
Olddryhag's ghost hits your shadow imp but does no damage.
You catch the helpless olddryhag's ghost completely off-guard!
You scratch olddryhag's ghost.
Olddryhag's ghost is severely damaged.
Your shadow imp misses olddryhag's ghost.
Olddryhag's ghost hits you.
You die...
Xom howls with laughter!

.....<#.#....########.....##.
#...............##.....##.
##......©.©.....##........
#.#############....>.....
#.#©....([....#..........
#.#..##...##..#.........#
#.#.#..#.#..#.####...##.#
##)#.#..#)#..#.# #.......
##)##..##W@)##..# #....###
#)###.....5.....# ####.## #.#
##################...##
#.#######.# #..............
##.#...#.####.########...##
##...........# #...###..
##....####### #.##.#.##
####.###########.###.##
#.............# #.#


You could see olddryhag's ghost (ally target) and a friendly shadow imp
(summoned).

Vanquished Creatures
  A two-headed ogre (D:8)
  A polar bear (D:6)
  A hornet (D:8)
  A steam dragon (D:6)
  An acid dragon (D:7)
  A water moccasin (D:8)
  An orc warrior (D:7)
  5 ogres
  3 centaurs
  A lemure (D:6)
  2 phantoms
  3 bullfrogs
  7 kobold brigands
  3 scorpions
  6 wights (D:6)
  A howler monkey (D:7)
  5 hounds
  3 orc priests
  2 jellies
  2 iguanas
  Ijyb (D:3)
  3 orc wizards
  8 gnolls
  9 adders
  2 river rats (Sewer)
  A white imp (D:7)
  An ufetubus (D:5)
  8 worms
  3 dart slugs
  29 orcs
  9 ball pythons
  10 endoplasms
  9 giant cockroaches
  10 hobgoblins
  6 jackals
  19 kobolds
  4 quokkas
  9 bats
  A frilled lizard (D:2)
  8 goblins
  14 rats
214 creatures vanquished.

Vanquished Creatures (others)
  An iguana (D:5)
  2 foxfires (D:8)
3 creatures vanquished.

Grand Total: 217 creatures vanquished

Notes
Turn   | Place    | Note
-------+----------+-------------------------------------------
     0 | D:1      | jvmiller the Troll Chaos Knight began the quest for the
                  | Orb.
     0 | D:1      | Reached XP level 1. HP: 22/22 MP: 0/0
   134 | D:1      | XOM: potion effect (brilliance)
   136 | D:1      | XOM: potion effect (haste)
   138 | D:1      | Reached XP level 2. HP: 29/29 MP: 1/1
   452 | D:1      | XOM: divination: detect creatures
   564 | D:1      | Reached XP level 3. HP: 36/36 MP: 2/2
   602 | D:1      | XOM: divination: detect creatures
   611 | D:1      | XOM: 8-stop teleportation journey
   740 | D:1      | XOM: divination: detect items
   786 | D:1      | Learned a level 2 spell: Passwall
  1314 | D:2      | Reached skill level 4 in Unarmed Combat
  1350 | D:2      | XOM: summons 1 hostile demon
  1385 | D:2      | Reached XP level 4. HP: 44/44 MP: 3/3
  1654 | D:2      | XOM is BORED!
  1654 | D:2      | XOM: summons 1 hostile shadow creature
  1671 | D:2      | XOM: scenery: summon butterflies
  1827 | D:2      | XOM: summons 3 hostile demons
  1828 | D:2      | Noticed a red devil
  2123 | D:3      | Found a faded altar of an unknown god.
  2468 | D:3      | Noticed Ijyb
  2478 | D:3      | Killed Ijyb
  2479 | D:3      | Reached XP level 5. HP: 52/52 MP: 4/4
  2487 | D:3      | Learned a level 2 spell: Ensorcelled Hibernation
  2591 | D:3      | XOM: smoke on damage
  2607 | D:3      | Reached skill level 5 in Unarmed Combat
  2925 | D:3      | XOM: 1-stop teleportation journey
  3271 | D:4      | XOM: swap monsters
  3325 | D:4      | Reached XP level 6. HP: 60/61 MP: 5/5
  3477 | D:4      | Found a burning altar of Makhleb.
  3572 | D:4      | XOM: 1-stop teleportation journey
  3730 | D:4      | Noticed Edmund
  3734 | D:4      | XOM: give mutations
  3734 | D:4      | Gained mutation: You expend magic power (3 MP) to
                  | strengthen your wands. [Xom's mischief]
  3734 | D:4      | Gained mutation: You passively dampen the noise of your
                  | surroundings. [Xom's mischief]
  3734 | D:4      | Gained mutation: You are partially covered in large bone
                  | plates. (SH +4) [Xom's mischief]
  3735 | D:4      | Edmund changed into Edmund the iguana
  3735 | D:4      | Noticed Edmund
  3735 | D:4      | XOM: polymorph Edmund -> Edmund the iguana
  3744 | D:4      | Killed Edmund the iguana
  3805 | D:4      | Reached skill level 6 in Unarmed Combat
  4255 | D:5      | Entered Level 5 of the Dungeon
  4325 | D:5      | Learned a level 1 spell: Summon Small Mammal
  4335 | D:5      | Found an ornate altar of the Wu Jian Council.
  4335 | D:5      | XOM: give mutations
  4335 | D:5      | Gained mutation: You have a pair of small horns on your
                  | head. [Xom's grace]
  4335 | D:5      | Gained mutation: You have a pair of horns on your head.
                  | [Xom's grace]
  4342 | D:5      | Noticed a spectral centipede
  4342 | D:5      | Noticed a spectral black mamba
  4342 | D:5      | Noticed a spectral cane toad
  4358 | D:5      | XOM: scenery: create altars
  4431 | D:5      | Found a staircase to the Ecumenical Temple.
  4468 | D:5      | XOM: smoke on damage
  4493 | D:5      | XOM: scenery: create altars
  4496 | D:5      | Reached XP level 7. HP: 43/67 MP: 6/6
  4520 | D:5      | Learned a level 1 spell: Necrotise
  4589 | D:5      | Reached skill level 1 in Transmutations
  4589 | D:5      | Reached skill level 1 in Earth Magic
  4628 | D:5      | Identified the +6 quarterstaff "Imotz" {holy, rN+ Stlth+}
  4640 | D:5      | Found a glowing drain.
  4651 | Sewer    | Entered a sewer
  4694 | Sewer    | Reached skill level 7 in Unarmed Combat
  4746 | Sewer    | Reached skill level 1 in Shields
  4750 | Sewer    | Reached skill level 1 in Spellcasting
  4830 | Sewer    | Reached XP level 8. HP: 73/75 MP: 8/8
  4924 | Sewer    | Upgraded the game from 0.31-a0-851-g7ff8af7976 to
                  | 0.31-a0-859-g9dce7d3444
  5352 | D:5      | Found Hukerphen's Antique Armour Shoppe.
  5420 | D:5      | XOM: scenery: summon butterflies
  5612 | D:5      | XOM is BORED!
  5722 | D:6      | Reached skill level 1 in Stealth
  5734 | D:6      | Reached skill level 8 in Unarmed Combat
  5795 | D:6      | XOM: enchant monster (good)
  5918 | D:6      | XOM: enchant monster (good)
  5937 | D:6      | Reached skill level 9 in Unarmed Combat
  6016 | D:6      | Noticed Pikel
  6018 | D:6      | XOM: summons friendly ufetubus
  6019 | D:6      | XOM: summons 3 friendly demons
  6025 | D:6      | Pikel changed into Pikel the polar bear
  6025 | D:6      | Noticed Pikel
  6025 | D:6      | XOM: polymorph Pikel -> Pikel the polar bear
  6026 | D:6      | Killed Pikel the polar bear
  6027 | D:6      | Reached XP level 9. HP: 81/84 MP: 9/9
  6365 | D:7      | XOM: 3-stop teleportation journey
  6433 | D:7      | Learned a level 2 spell: Scorch
  6435 | D:7      | Learned a level 1 spell: Foxfire
  6437 | D:7      | Learned a level 1 spell: Apportation
  6736 | D:7      | XOM: noise
  6745 | D:7      | XOM: summons friendly quasit
  6751 | D:7      | Reached skill level 10 in Unarmed Combat
  6844 | D:7      | Found Cini's General Store.
  6847 | D:7      | Found Ugistuvih's Weapon Shoppe.
  6848 | D:7      | Found Vauwkelo's Armour Shoppe.
  6855 | D:7      | XOM: silly message
  7246 | D:8      | XOM is BORED!
  7246 | D:8      | XOM: chaos upgrade
  7249 | D:8      | XOM: scenery: create altars
  7373 | D:8      | Reached skill level 5 in Dodging
  7761 | D:8      | XOM: 2-stop teleportation journey
  7944 | D:8      | Found a transporter.
  7944 | D:8      | Noticed olddryhag's ghost (novice DEFE)
  7944 | D:8      | Identified the +6 dire flail of Disarray {vamp, Will+}
  7944 | D:8      | Identified the +0 great mace of the Boar {flame, Fragile
                  | +Blink Str+5}
  7944 | D:8      | Noticed a two-headed ogre
  7946 | D:8      | Found a transporter.
  7964 | D:8      | Killed a two-headed ogre
  7965 | D:8      | Reached skill level 11 in Unarmed Combat
  7965 | D:8      | Reached XP level 10. HP: 40/94 MP: 10/10
  7969 | D:8      | XOM: summons friendly shadow imp
  7975 | D:8      | HP: 2/94 [olddryhag's ghost (6)]
  7979 | D:8      | Slain by olddryhag's ghost

Illustrated notes

Levels and vault maps discovered:
D:1:      ldierk_walled_garden, layout_basic
D:2:      layout_loops_ring
D:3:      layout_basic, hellmonk_ecumenical_altar_leap_of_faith, uniq_ijyb
D:4:      kennysheep_spiral_hall, layout_loops_ring,
          mainiacjoe_overflow_brackets, minmay_goblin_kobold_house, uniq_edmund
D:5:      layout_rooms, pdpol_wu_jian_five_deadly_venoms, temple_doors_ab,
          portal_sewer_entry_d, serial_shops, nicolae_take_the_stairs,
          lemuel_flamethrower_2
D:6:      layout_cave_pools, uniq_pikel
D:7:      layout_loops_ring, nicolae_shop_distant_corner_stores,
          corexii_item_surrounded_by_moat, roderic_lattice_a
D:8:      layout_loops_ring, gammafunk_ghost_smash

Skill      XL: |  1  2  3  4  5  6  7  8  9 |
---------------+----------------------------+-----
Dodging        | 2 3 4 5 |  5.5
Unarmed Combat | 4 5 6 7 9 11 | 11.1
Fighting       | 3 4 |  4.4
Transmutations | 1 |  1.4
Earth Magic    | 1 |  1.4
Shields        | 1 2 |  2.7
Spellcasting   | 1 |  1.1
Stealth        | 2 |  2.2

Action                     |  1- 3 |  4- 6 |  7- 9 | 10-12 || total
---------------------------+-------+-------+-------+-------++-------
  Melee: Unarmed           |    91 |   194 |   238 |    14 ||   537
         Punch             |     1 |     2 |       |       ||     3
         Headbutt          |       |     1 |    42 |     4 ||    47
   Cast: Passwall          |       |     3 |       |       ||     3
         Foxfire           |       |       |     1 |       ||     1
  Evoke: Wand              |       |       |       |     1 ||     1
    Use: Scroll            |     3 |     4 |     7 |       ||    14
   Stab: Sleeping          |       |     1 |       |       ||     1
         Paralysed         |       |       |     3 |       ||     3
         Distracted        |       |       |       |     1 ||     1
 Armour: Robe              |    64 |   170 |   182 |    11 ||   427
  Dodge: Dodged            |    83 |   137 |   116 |     6 ||   342
  Block: Orb               |       |    15 |    35 |     1 ||    51

Table legend: (Time is in decaauts)
 A = Elapsed time spent in this place.
 B = Non-inter-level travel time spent in this place.
 C = Inter-level travel time spent in this place.
 D = Time resting spent in this place.
 E = Time spent auto-exploring this place.
 F = Levels seen in this place.
 G = Mean time per level.
                   A        B        C        D        E       F      G
               +--------+--------+--------+--------+--------+-----+--------+
         Total |   7908 |   7908 |      0 |    373 |      0 |   9 |  878.7 |
       Dungeon |   7227 |   7227 |      0 |    303 |      0 |   8 |  903.4 |
         Sewer |    680 |    680 |      0 |     70 |      0 |   1 |  680.0 |
               +--------+--------+--------+--------+--------+-----+--------+

Top non-repeatable levels by time:
     D:4: 1109 daAuts
     D:3: 1087 daAuts
     D:1: 1072 daAuts
     D:2: 943 daAuts
     D:7: 898 daAuts
     D:8: 750 daAuts
     D:5: 705 daAuts
   Sewer: 680 daAuts
     D:6: 660 daAuts
